 Dungeon Crawl Stone Soup version 0.14-a0-817-g3f7b0b1 (webtiles) character file.

233 Malachi the Covered (level 5, -5/40 HPs)
             Began as a Djinni Fighter on Nov 12, 2013.
             Slain by a gnoll
             ... wielding a +0,+0 flail
              (13 damage)
             ... on Level 2 of the Dungeon.
             The game lasted 00:03:05 (2330 turns).

Malachi the Covered (Djinni Fighter)                Turns: 2330, Time: 00:03:05

HP  -5/40        AC  7     Str 17      XL: 5   Next: 13%
MP   0/0         EV  6     Int 14      God:
Gold 79          SH 18     Dex 12      Spells:  0 memorised,  4 levels left

Res.Fire  : + + +   See Invis. : .   a - +0 mace (curse)
Res.Cold  : x . .   Warding    : .   b - +0 scale mail
Life Prot.: + + +   Conserve   : .   c - +0 shield
Res.Poison: .       Res.Corr.  : .   (no helmet)
Res.Elec. : .       Clarity    : .   (no cloak)
Sust.Abil.: . .     Spirit.Shd : .   (no gloves)
Res.Mut.  : .       Stasis     : .   (boots unavailable)
Res.Rott. : .       Flight     : +   (no amulet)
Saprovore : . . .                    k - +5 ring of intelligence
                                     f - cursed ring of hunger

@: flying, slightly resistant to hostile enchantments, extremely unstealthy
A: fire immunity, cold vulnerability, life protection 3
a: no special abilities


You were on level 2 of the Dungeon.
You were not hungry.

You visited 1 branch of the dungeon, and saw 3 of its levels.

You collected 79 gold pieces.

Inventory:

Hand weapons
 a - a cursed +0,+0 mace (weapon)
Missiles
 h - a throwing net [torn] (quivered)
Armour
 b - a +0 scale mail (worn)
 c - a +0 shield (worn)
Scrolls
 g - a scroll of teleportation
 j - a scroll of identify
 l - 2 scrolls of noise {unknown}
 m - 2 scrolls of remove curse {unknown}
Jewellery
 f - a cursed ring of hunger (left hand)
 i - an uncursed ring of see invisible {unknown}
 k - a +5 ring of intelligence (right hand)
Potions
 d - a potion of mutation {unknown}
 e - 5 potions of curing {unknown}


   Skills:
 + Level 3.0 Fighting
 * Level 3.1 Maces & Flails
 + Level 4.6 Armour
 - Level 1.0 Dodging
 + Level 3.7 Shields


You had 4 spell levels left.
You didn't know any spells.

Dungeon Overview and Level Annotations

Branches:
Dungeon (3/27)

Altars:


Innate Abilities, Weirdness & Mutations

You are immune to all types of fire, even holy and hellish.
You are vulnerable to cold.
You need no food.
You have no legs.
You are immune to negative energy.


Message History

You fly upwards.
There is a stone staircase leading down here.
Unknown command.
You are too injured to fight recklessly!
You are too injured to fight recklessly!
You are too injured to fight recklessly!
You are too injured to fight recklessly!
You hit the gnoll.
The gnoll is severely wounded.
The gnoll barely misses you. The gnoll closely misses you.
The rat bites you but does no damage.
You hit the gnoll.
The gnoll is almost dead.
The gnoll hits you but does no damage. You block the gnoll's attack.
The rat closely misses you. The gnoll hits you with a flail.
* * * LOW HITPOINT WARNING * * *
You hit the gnoll.
You kill the gnoll!
The gnoll hits you with a flail!
You die...

#.#.######.#..# #.# #.#
#.#.######.#..#####)####.#
#.#........#.............#
#.###########.#####.######
#......%......#...........
######################.###.#####.
.......................# #.# #.
##########################.#####.
............%..r@)..)............
..........#####g#################
#########.# #.# #.....# # #.#
###'#####.###.# # #.# #.......#.#
#.# # #### #.# #.......#.# #.# #
...# #.# #.......#.# #.# # ##.#
#.# #.......#.# #.# # .#.# #.#
#.......#.# #.# #


You could see a gnoll and a rat.

Vanquished Creatures
  2 halflings (D:1)
  A gnoll (D:2)
  3 adders (D:2)
  A giant mite (D:2)
  A worm (D:2)
  2 giant geckos (D:2)
  4 bats
  4 giant cockroaches
  7 goblins
  7 hobgoblins
  4 jackals (D:1)
  11 kobolds
  A quokka (D:2)
  2 ball pythons (D:2)
  2 giant newts (D:1)
  7 rats
  A plant (D:1)
60 creatures vanquished.

Vanquished Creatures (others)
  A halfling (D:1)
  A plant (D:1)
2 creatures vanquished.

Grand Total: 62 creatures vanquished

Notes
Turn   | Place    | Note
--------------------------------------------------------------
     0 | D:1      | Malachi, the Djinni Fighter, began the quest for the Orb.
     0 | D:1      | Reached XP level 1. HP: 16/16 MP: 0/0
    79 | D:1      | Reached XP level 2. EP: 4/22
   473 | D:1      | Reached XP level 3. EP: 29/29
   818 | D:1      | Reached skill level 4 in Armour
   821 | D:1      | Reached skill level 1 in Dodging
   821 | D:1      | Reached XP level 4. EP: 30/35
  2177 | D:2      | Reached XP level 5. EP: 28/40
  2330 | D:2      | Slain by a gnoll

Action                   |  1- 3 |  4- 6 || total
-------------------------+-------+-------++-------
Melee: Mace              |   161 |   102 ||   263
  Use: Scroll            |     3 |       ||     3
